 Dungeon Crawl Stone Soup version 0.25-a0-420-g1cc7eeb (webtiles) character file.

Game seed: 14815680652750351916, levelgen mode: deterministic

30 BlueFish the Insei (level 3, 0/23 HPs)
             Began as an Octopode Transmuter on Jan 18, 2020.
             Slain by Sigmund
             ... wielding a +2 scythe of holy wrath
              (9 damage)
             ... on level 2 of the Dungeon.
             The game lasted 00:03:04 (1248 turns).

BlueFish the Insei (Octopode Transmuter)            Turns: 1248, Time: 00:03:05

Health: 0/23       AC:  1    Str: 10    XL:     3   Next: 18%
Magic:  1/6        EV: 13    Int: 15    God:
Gold:   7          SH:  0    Dex: 12    Spells: 0/6 levels left

rFire    . . .     SeeInvis .     - Unarmed
rCold    . . .     Gourm    .   (no shield)
rNeg     . . .     Faith    .   (helmet restricted)
rPois    .         Spirit   .   (no amulet)
rElec    .         Reflect  .   (no ring)
rCorr    .         Harm     .   (no ring)
MR       .....                  (no ring)
Stlth    ++........             (no ring)
HPRegen  0.07/turn              (no ring)
MPRegen  0.10/turn              (no ring)
                                (no ring)
                                (no ring)

@: very slightly contaminated
A: almost no armour, stealthy swim, amphibious, 8 rings, constrict 8, camouflage
1, gelatinous body 1
a: no special abilities


You were on level 2 of the Dungeon.
You were hungry.

You visited 1 branch of the dungeon, and saw 2 of its levels.

You collected 7 gold pieces.

Inventory:

Missiles
 a - 47 arrows
Scrolls
 b - a scroll of fear {unknown}
 d - 2 scrolls of remove curse {unknown}
 e - 2 scrolls of identify {unknown}
 f - a scroll of blinking {unknown}
 i - a scroll of noise {unknown}
Potions
 g - a potion of ambrosia {unknown}
 h - a potion of mutation {unknown}
Comestibles
 c - 4 rations


   Skills:
 * Level 1.4 Fighting
 + Level 2.0 Dodging
 * Level 0.3 Stealth
 + Level 3.3 Unarmed Combat
 + Level 2.4 Spellcasting
 + Level 2.4 Transmutations


You couldn't memorise any spells.
You knew the following spells:

 Your Spells              Type           Power        Failure   Level  Hunger
a - Beastly Appendage     Tmut           #.....       8%          1    #......
b - Sticks to Snakes      Tmut           #.......     12%         2    ###....
c - Spider Form           Tmut/Pois      #.........   36%         3    ###....

Your spell library contained the following spells:

 Spells                   Type           Power        Failure   Level  Hunger
 Ice Form                 Ice/Tmut       #.......     77%         4    #####..
 Blade Hands              Tmut           #.........   91%         5    ######.


Dungeon Overview and Level Annotations

Branches:
Dungeon (2/15)

Altars:
Nemelex Xobeh

Annotations:
D:2 Sigmund


Innate Abilities, Weirdness & Mutations

You cannot wear most types of armour.
You are very stealthy in the water. (Stealth+)
You are amphibious.
You can wear up to eight rings at the same time.
You can use your tentacles to constrict eight enemies at once.
Your skin changes colour to match your surroundings (Stealth+).
Your rubbery body absorbs attacks. (AC +1, EV +1)


Message History

Sigmund points at you and mumbles some strange words.
The magic dart hits you. Sigmund misses you.
You're too confused to move!
Sigmund barely misses you.
You closely miss Sigmund.
Sigmund is heavily wounded.
Sigmund misses you.
You barely miss Sigmund.
Sigmund is heavily wounded.
Your transformation has ended.
Sigmund looks more healthy.
Sigmund hits you from afar with a +2 scythe of holy wrath!
You feel less confused.
Sigmund gestures wildly while chanting.
Sigmund flickers and vanishes!
Deactivating autopickup; reactivate with Ctrl-A.
There is a stone staircase leading up here.
Something hits you!
You die...

.......<...................
#........#####...#.....@..#
##.......######............
######.##.......#.......##
####..#..................
#...............#?##.....
#..............(.........
#...............#.######.
#.......@.......#.# #...
#......รท........#.##.....
#######..............#...
#.........#.######.
#..........#.# #.
#..........#.. #.
#..........# .. #.
......!.....# .#
............>.....


There were no monsters in sight!

Vanquished Creatures
  An adder (D:2)
  A leopard gecko (D:2)
  A bat (D:1)
  4 goblins (D:1)
  A hobgoblin (D:2)
  6 kobolds (D:1)
  3 frilled lizards
  4 rats (D:1)
21 creatures vanquished.

Notes
Turn   | Place    | Note
-------+----------+-------------------------------------------
     0 | D:1      | BlueFish the Octopode Transmuter began the quest for the
                  | Orb.
     0 | D:1      | Reached XP level 1. HP: 13/13 MP: 3/3
   262 | D:1      | Reached XP level 2. HP: 18/18 MP: 3/5
   266 | D:1      | Learned a level 2 spell: Sticks to Snakes
   329 | D:1      | Found a sparkling altar of Nemelex Xobeh.
   854 | D:2      | Noticed Sigmund
   966 | D:2      | Reached XP level 3. HP: 13/23 MP: 4/6
   991 | D:2      | Learned a level 3 spell: Spider Form
  1248 | D:2      | Slain by Sigmund

Levels and vault maps discovered:
D:1:      dpeg_arrival_tiny_d, layout_basic, minmay_tree_intersection,
          nemelex_altar_shiori
D:2:      layout_rooms, chequers_ecumenical_altar_simple, uniq_sigmund

Action                   || total
-------------------------++-------
Melee: Unarmed           ||    48
       Kick              ||     9
       Constrict         ||    13
       Punch             ||     1
       Tentacles         ||     3
 Cast: Beastly Appendage ||    15
       Spider Form       ||     2
  Use: Potion            ||     1
 Stab: Sleeping          ||     1
  Eat: Chunk             ||     1
Dodge: Dodged            ||    26

Table legend:
 A = Non-vault XP
 B = Vault XP
 C = Vault XP percentage of total XP
 D = Non-vault monster count
 E = Vault monster count
 F = Vault count percentage of total count
                 A         B        C        D         E       F
            +---------+---------+-------+---------+---------+-------
      Total |      43 |       0 |   0.0 |      21 |       0 |   0.0
            +---------+---------+-------+---------+---------+-------
        D:1 |      23 |       0 |   0.0 |      17 |       0 |   0.0
        D:2 |      20 |       0 |   0.0 |       4 |       0 |   0.0
            +---------+---------+-------+---------+---------+-------
